Map: Ice and Chrome LE

Players

RyuKey

  • Race: Terran Terran
  • League: Diamond
  • Spawn Location: 7:00

Esper - Winner!

  • Race: Terran Terran
  • League: Diamond
  • Spawn Location: 1:00

VOD

Have the link to the VOD?

Description

Time

  • Played on: June 21, 2020, 7:09 p.m.
  • Length: 18:02
Show
View Real Time Build Order
Export as new Build Order

RyuKey Terran 

Build Orders: 1/1/1 

Get SALT Encoding   

  12  0:00  SCV  
  13  0:13  SCV  
  14  0:17  Supply Depot  
  14  0:25  SCV  
  14  0:27  Refinery  
  15  0:38  SCV  
  16  0:45  Barracks  
  16  0:50  SCV  
  17  1:02  SCV  
  18  1:05  Refinery  
  18  1:15  SCV  
  19  1:27  SCV  
  19  1:32  Supply Depot, Reaper  
  21  1:40  Factory  
  21  1:45  Orbital Command  
  21  2:04  Barracks Reactor  
  21  2:11  SCV  
  22  2:23  SCV  
  22  2:24  Hellion  
  22  2:25  Starport  
  25  2:35  SCV  
  26  2:41  Reaper x2  
  26  2:43  Supply Depot  
  28  2:46  Hellion  
  30  2:53  SCV  
  31  3:04  Medivac  
  31  3:05  SCV, Supply Depot  
  34  3:07  Hellion  
  36  3:13  Reaper x2  
  36  3:17  SCV  
  39  3:29  SCV, Supply Depot  
  39  3:30  Factory Tech Lab  
  40  3:42  SCV  
  41  3:49  Command Center  
  41  3:52  Supply Depot  
  40  4:12  SCV  
  40  4:15  Marine, Siege Tank  
  40  4:16  Marine  
  45  4:40  SCV  
  45  4:42  Starport Reactor  
  45  4:44  Marine x2  
  45  4:45  Barracks x2  
  48  4:47  Engineering Bay  
  48  4:52  SCV  
  48  5:04  SCV  
  47  5:16  SCV, Orbital Command  
  47  5:18  Engineering Bay  
  47  5:20  Armory, Medivac, Terran Infantry Weapons Level 1  
  50  5:29  SCV  
  50  5:30  Marine  
  50  5:31  Marine  
  50  5:33  Barracks Tech Lab  
  50  5:35  Barracks Reactor  
  53  5:44  SCV  
  53  5:45  SCV  
  53  5:48  Marine  
  53  5:49  Marine  
  57  5:58  Marine  
  58  6:05  Viking  
  58  6:06  Viking, Marine x2  
  64  6:22  Marine x3  
  64  6:24  Marine  
  66  6:31  SCV, Marine  
  59  6:40  Marine  
  59  6:43  Marine x2, Siege Tank  
  61  6:49  Marine  
  56  6:58  Marine  
  56  7:00  SCV  
  48  7:01  Marine  
  48  7:07  Marine  
  46  7:09  Marine  
  45  7:15  SCV  
  45  7:19  Marine  
  47  7:25  Marine  
  47  7:29  Stimpack  
  49  7:31  Barracks Reactor  
  49  7:36  SCV x2  
  50  7:37  Marine  
  50  7:38  Command Center  
  52  7:46  Barracks Reactor  
  52  7:48  SCV, Supply Depot, Barracks  
  52  7:49  Barracks  
  50  7:55  Marine  
  50  7:56  Terran Infantry Armor Level 1, Terran Infantry Weapons Level 2  
  50  7:57  SCV  
  52  8:00  Viking  
  52  8:01  Viking  
  52  8:03  Siege Tank  
  52  8:04  SCV  
  60  8:09  SCV  
  60  8:12  Marine  
  58  8:35  Orbital Command  
  58  8:36  Liberator  
  58  8:38  Marine  
  58  8:39  Marine x6  
  60  8:56  Marine x2  
  60  8:57  SCV, Marine x4  
  60  8:58  Marine  
  60  9:02  Orbital Command  
  68  9:09  SCV, Combat Shield  
  69  9:14  Marine x2  
  69  9:16  Marine x2, Siege Tank  
  70  9:17  Marine x2  
  70  9:18  Marine  
  69  9:32  Marine  
  70  9:50  Fusion Core  
  70  9:52  Supply Depot  
  70  9:53  Supply Depot  
  70  9:56  Supply Depot  
  70  10:14  Marine x5, Siege Tank  
  70  10:17  Marine  
  70  10:20  SCV x2  
  81  10:30  Starport  
  81  10:32  Supply Depot, Marine x5  
  86  10:36  Marine  
  86  10:43  Advanced Ballistics  
  86  10:53  Marine x2  
  73  11:24  Marine x3  
  73  11:25  Marine  
  79  11:29  SCV  
  77  11:42  Marine  
  76  11:58  Siege Tank  
  73  12:39  SCV  
  73  13:03  Orbital Command  
  64  13:33  Marine x2  
  66  13:35  Barracks Reactor  
  66  13:38  SCV, Barracks  
  66  13:39  Starport  
  67  13:42  SCV  
  68  13:56  Command Center  
  68  14:12  SCV x2, Marine x5  
  68  14:13  Siege Tank  
  68  14:15  Viking  
  80  14:24  SCV  
  82  14:29  Marine  
  82  14:30  Marine  
  74  15:06  Liberator  
  74  15:07  Liberator  
  62  15:40  Orbital Command  
  54  15:47  Marine x2  
  32  16:44  Viking x2  
  36  16:50  Orbital Command  
  36  16:56  SCV  
  36  16:58  Siege Tank  
Show
View Real Time Build Order
Export as new Build Order

Esper Terran - Winner!

Build Orders:  

Get SALT Encoding   

  12  0:01  SCV  
  13  0:13  SCV  
  14  0:17  Supply Depot  
  14  0:25  SCV  
  15  0:39  SCV  
  15  0:42  Barracks  
  16  0:51  SCV  
  16  0:52  Refinery  
  17  1:03  SCV  
  18  1:15  SCV  
  19  1:27  SCV  
  19  1:30  Marine  
  21  1:40  Orbital Command  
  21  1:44  Command Center  
  21  1:48  Marine  
  22  1:59  Supply Depot  
  22  2:04  Factory  
  22  2:09  SCV  
  23  2:18  Refinery  
  23  2:21  SCV, Marine  
  25  2:28  Supply Depot  
  25  2:33  SCV  
  26  2:39  Marine  
  27  2:45  SCV  
  27  2:50  Factory Tech Lab  
  28  2:52  Starport  
  28  2:57  SCV, Orbital Command  
  29  2:59  Marine  
  30  3:09  SCV  
  30  3:10  Siege Tank  
  34  3:18  Marine  
  35  3:21  SCV  
  35  3:24  SCV  
  37  3:30  Viking  
  37  3:34  SCV  
  40  3:35  Supply Depot  
  40  3:36  Marine  
  41  3:42  Siege Tank  
  41  3:45  SCV  
  41  3:46  SCV  
  46  3:51  Supply Depot  
  46  3:57  SCV, Engineering Bay  
  46  4:00  Medivac  
  37  4:43  SCV x2  
  37  4:45  Marine, Siege Tank  
  41  4:55  SCV  
  40  5:03  Marine  
  41  5:12  SCV x2  
  43  5:24  SCV x2  
  45  5:29  Missile Turret  
  45  5:31  Widow Mine  
  45  5:34  Refinery  
  47  5:36  SCV x2  
  48  5:48  SCV x2  
  49  5:53  Missile Turret  
  47  6:00  SCV  
  47  6:04  Siege Tank  
  46  6:43  Marine  
  47  6:48  Siege Tank  
  47  6:51  SCV  
  47  6:52  SCV  
  49  7:01  Marine  
  49  7:04  SCV x2  
  49  7:07  Medivac  
  54  7:13  Engineering Bay  
  54  7:14  Command Center  
  51  7:17  Barracks x2  
  51  7:19  Marine  
  51  7:20  Siege Tank  
  52  7:29  SCV x2  
  54  7:32  Refinery  
  54  7:37  Marine  
  54  7:41  SCV  
  56  7:52  SCV  
  56  7:53  SCV  
  58  7:59  Siege Tank  
  58  8:00  Terran Infantry Weapons Level 1  
  58  8:01  Supply Depot  
  58  8:03  Barracks Tech Lab  
  58  8:04  SCV, Supply Depot x2  
  58  8:05  Barracks Reactor, Barracks Tech Lab  
  62  8:06  SCV  
  63  8:12  Missile Turret  
  63  8:13  Missile Turret  
  63  8:17  SCV, Bunker  
  63  8:18  SCV  
  62  8:29  SCV  
  62  8:30  SCV  
  62  8:33  Supply Depot  
  64  8:36  Missile Turret  
  62  8:49  Missile Turret  
  62  8:58  Missile Turret  
  62  9:12  Marine x2, Siege Tank  
  65  9:20  Missile Turret  
  65  9:25  Missile Turret, Marine x2  
  65  9:28  Starport Reactor, Orbital Command  
  65  9:30  Supply Depot, Marine x2  
  69  9:34  Refinery, Missile Turret  
  66  9:43  Marine  
  66  9:44  Siege Tank  
  70  9:51  Barracks  
  70  9:52  SCV  
  70  9:53  SCV  
  70  9:54  Marine  
  70  9:55  Stimpack, Marine x2  
  70  9:59  SCV, Armory  
  75  10:01  Marine  
  75  10:03  Orbital Command  
  75  10:04  SCV  
  77  10:08  SCV  
  77  10:12  Marine x3  
  81  10:16  Siege Tank  
  84  10:32  SCV  
  84  10:34  Marine x2  
  87  10:48  Siege Tank  
  90  11:03  Viking x2, Marine  
  90  11:04  Marine x3  
  98  11:20  Missile Turret, Siege Tank  
  98  11:21  Marine x2  
  99  11:31  Marine x2  
  101  11:33  Medivac  
  101  11:39  Marine x2  
  103  11:49  Marine x2  
  103  11:52  Siege Tank  
  108  11:57  Marine x2  
  95  12:25  Marine x4  
  95  12:28  Siege Tank  
  99  12:30  Viking  
  99  12:31  Viking  
  103  12:43  Marine x4  
  107  12:50  SCV x3  
  110  12:52  Terran Infantry Weapons Level 2  
  110  12:53  Terran Infantry Armor Level 1  
  110  12:54  Terran Vehicle Weapons Level 1  
  110  12:57  Factory  
  109  13:00  Viking, Marine  
  109  13:01  Viking, Marine x3  
  109  13:02  SCV  
  114  13:18  Marine  
  114  13:19  Marine x3  
  103  13:24  Siege Tank  
  103  13:30  Viking  
  103  13:31  Viking  
  103  13:33  SCV x2  
  109  13:36  Refinery x2, Marine x2  
  109  13:37  Marine x2  
  109  13:38  Missile Turret  
  109  13:39  SCV  
  109  13:41  Factory  
  114  13:45  SCV, Combat Shield  
  114  13:48  Factory Tech Lab  
  115  13:51  SCV x2  
  115  13:54  Marine x3  
  120  13:56  Siege Tank  
  120  13:57  SCV  
  124  14:03  SCV  
  120  14:24  Viking x2  
  95  14:45  Marine x3  
  95  14:46  Marine  
  95  14:49  Factory Tech Lab  
  95  14:52  Siege Tank x2  
  105  14:54  Viking x2  
  106  15:03  Marine x2  
  100  15:24  Viking, Medivac  
  97  15:39  Marine x2  
  97  15:42  Siege Tank x3  
  98  15:51  SCV x2  
  98  15:54  Viking  
  100  16:14  Siege Tank x2  
  106  16:23  Command Center  
  106  16:29  Command Center  
  106  16:30  Refinery  
  106  16:31  Refinery x2  
  105  16:35  Refinery  
  104  16:43  Missile Turret  
  104  16:44  Missile Turret  
  104  16:47  Siege Tank x3  
  107  16:48  Marine  
  107  16:49  Marine x3  
  107  16:52  SCV x2  
  119  17:06  Marine  
  119  17:07  Marine x3  
  118  17:19  Siege Tank x2  
  118  17:22  Siege Tank  
  125  17:25  Marine x2  
  125  17:34  Marine x2  
  125  17:42  Marine x2  
Tags
 
Matchup
TvT
Opening
1/1/1
Race
Terran
Spawn Locations
Cross Positions
Add a new tag
Caveats
  • Supply blocks, unpowered buildings, or Contaminate may cause inaccurate times.
  • Supply counts are checked every 10 seconds.